 Dungeon Crawl Stone Soup version 0.29-a0-824-gd827844 (webtiles) character file.

Game seed: 3852553317721088144

37 PurpleRed the Sneak (level 3, -1/20 HPs)
             Began as a Deep Elf Brigand on July 9, 2022.
             Slain by a goblin
             ... wielding a +0 club
             ... led by Robin
              (3 damage)
             ... on level 2 of the Dungeon.
             The game lasted 00:03:48 (376 turns).

PurpleRed the Sneak (Deep Elf Brigand)               Turns: 376, Time: 00:03:49

Health: -1/20      AC:  3    Str:  8    XL:     3   Next: 23%
Magic:  2/9        EV: 12    Int: 17    God:
Gold:   51         SH:  0    Dex: 16    Spells: 6/7 levels left

rFire   . . .      SeeInvis .   a - +2 dagger
rCold   . . .      Faith    .   (no shield)
rNeg    . . .      Spirit   .   b - +0 robe
rPois   .          Reflect  .   (no helmet)
rElec   .          Harm     .   c - +0 cloak
rCorr   .          Rampage  .   (no gloves)
Will    .....                   (no boots)
Stlth   +++.......              (no amulet)
HPRegen 0.06/turn               (no ring)
MPRegen 0.11/turn               (no ring)

@: brilliant, flying
A: no striking features
a: no special abilities


You were on level 2 of the Dungeon.
You visited 1 branch of the dungeon, and saw 3 of its levels.

You collected 51 gold pieces.

Inventory:

Hand Weapons
 a - a +2 dagger (weapon)
Missiles
 d - 9 poisoned darts (quivered)
Armour
 b - a +0 robe (worn)
 c - a +0 cloak (worn)
Scrolls
 g - a scroll of enchant weapon {unknown}
 h - 2 scrolls of identify {unknown}
 i - a scroll of summoning {unknown}
 j - a scroll of noise {unknown}
Potions
 f - a potion of brilliance
 l - a potion of mutation {unknown}
 m - a potion of lignification {unknown}


   Skills:
 - Level 1.5 Fighting
 - Level 2.0 Short Blades
 - Level 2.0 Throwing
 - Level 1.2 Dodging
 - Level 4.8 Stealth
 + Level 2.7 Spellcasting
 + Level 2.1 Earth Magic


You had 6 spell levels left.
You knew the following spells:

 Your Spells              Type           Power      Damage    Failure   Level
a - Sandblast             Erth           28%        2d8       8%          1

Your spell library contained the following spells:

 Spells                   Type           Power      Damage    Failure   Level
 Corpse Rot               Necr/Pois/Air  3%         N/A       87%         4
 Death Channel            Necr           1%         N/A       100%        6
 Death's Door             Necr           1%         N/A       100%        9


Dungeon Overview and Level Annotations

Branches:
Dungeon (3/15)

Altars:


Message History

Aim: Robin, wielding a +0 spear, wearing a +0 animal skin and wearing a +0 helmet (heavily wounded, very poisoned, slow, 84% to hit)
The blast of sand hits Robin.
Robin is severely wounded.
Robin throws the goblin at you! The goblin hits you with a +0 dagger.
A goblin comes into view. It is wielding a +0 club.
Casting: Sandblast (safe; 10% risk of failure)
Confirm with . or Enter, or press ? or * to list all spells.
Aiming: Sandblast (safe; 10% risk of failure)
Press: ? - help, Shift-Dir - straight line, f/p - Robin
Aim: Robin, wielding a +0 spear, wearing a +0 animal skin and wearing a +0 helmet (almost dead, poisoned, slow, 84% to hit)
The blast of sand hits Robin.
You kill Robin!
The goblin hits you but does no damage. The goblin hits you with a +0 dagger.
A goblin comes into view. It is wielding a +0 dagger.
Your Earth Magic skill increases to level 2!
You have reached level 3!
Your experience leads to an increase in your attributes!
Increase (S)trength, (I)ntelligence, or (D)exterity?
You feel clever. x2
The goblin barely misses you. x2
You climb upwards.
There is a stone staircase leading down here.
The goblin attacks as you move away! The goblin hits you with a +0 club.
* * * LOW HITPOINT WARNING * * *
The goblin attacks as you move away! The goblin hits you with a +0 dagger.
* * * LOW HITPOINT WARNING * * *
Throw: dart (curare)
Press: ? - help, Shift-Dir - straight line, f - goblin
Aim: a goblin, wielding a +0 club (strong, 53% to hit)
You throw a curare-tipped dart. The curare-tipped dart hits the goblin.
The goblin is poisoned.
The goblin convulses.
You kill the goblin!
It was a potion of brilliance.
You feel clever all of a sudden. The goblin completely misses you.
It was a potion of flight.
You feel very buoyant.
You fly up into the air.
The goblin hits you with a +0 club.
You die...

#.##....#
#..'....#####
####..))....# #
.......####(#####.#
##############.#.....#
.................>#..#
####.............#..#
#...######.##.#..#
###........@g.#..#
#######.#####..# #.#
..# #.# ..# #.# #.#
#.# #####.# #.....#


You could see a goblin (strong).

Vanquished Creatures
  Robin (D:3)
  An adder (D:3)
  An endoplasm (D:1)
  A giant cockroach (D:1)
  3 goblins
  A hobgoblin (D:1)
  2 kobolds
  2 ball pythons (D:1)
  2 bats (D:1)
  2 frilled lizards (D:1)
  2 rats (D:1)
18 creatures vanquished.

Notes
Turn   | Place    | Note
-------+----------+-------------------------------------------
     0 | D:1      | PurpleRed the Deep Elf Brigand began the quest for the Orb.
     0 | D:1      | Reached XP level 1. HP: 12/12 MP: 3/3
    66 | D:1      | Got Irrugiq's Writings on Doomed Terrain
   144 | D:1      | Reached skill level 1 in Spellcasting
   163 | D:1      | Reached skill level 1 in Earth Magic
   165 | D:1      | Learned a level 1 spell: Sandblast
   224 | D:1      | Reached XP level 2. HP: 11/16 MP: 4/6
   361 | D:3      | Noticed Robin
   367 | D:3      | Killed Robin
   368 | D:3      | Reached XP level 3. HP: 8/20 MP: 1/9
   376 | D:2      | Slain by a goblin

Illustrated notes

Levels and vault maps discovered:
D:1:      nicolae_arrival_somewhat_less_tricky_arrival, layout_loops_ring,
          hellmonk_ecumenical_altar_pennies_from_heaven, grunt_decor_resistance,
          minmay_hexomino_f4
D:2:      layout_basic
D:3:      layout_loops_ring, lemuel_crystal_altar,
          chequers_serial_rivers_large_a, uniq_robin, uniq_jessica

Skill      XL: |  1  2 |
---------------+-------+-----
Spellcasting   | 1 2 |  2.7
Earth Magic    | 1 2 |  2.1
Fighting       | |  1.5
Short Blades   | |  2.0
Throwing       | |  2.0
Dodging        | |  1.2
Stealth        | |  4.8

Action                   || total
-------------------------++-------
Melee: Dagger            ||    29
Throw: Dart              ||     3
 Cast: Sandblast         ||    12
  Use: Potion            ||     2
 Stab: Sleeping          ||     4
Armor: Robe              ||     6
Dodge: Dodged            ||    23

Table legend: (Time is in decaauts)
 A = Elapsed time spent in this place.
 B = Non-inter-level travel time spent in this place.
 C = Inter-level travel time spent in this place.
 D = Time resting spent in this place.
 E = Time spent auto-exploring this place.
 F = Levels seen in this place.
 G = Mean time per level.
                   A        B        C        D        E       F      G
               +--------+--------+--------+--------+--------+-----+--------+
         Total |    385 |    385 |      0 |      0 |      0 |   3 |  128.3 |
       Dungeon |    385 |    385 |      0 |      0 |      0 |   3 |  128.3 |
               +--------+--------+--------+--------+--------+-----+--------+

Top non-repeatable levels by time:
     D:1: 274 daAuts
     D:2: 89 daAuts
     D:3: 21 daAuts
